 Dungeon Crawl Stone Soup version 0.31-a0-354-g827e0957a7 (webtiles) character file.

Game seed: 15064877681248299261

511 Essalna the Changeling (level 7, -3/54 HPs)
             Began as a Merfolk Shapeshifter on July 24, 2023.
             Was an Initiate of Trog.
             Slain by a sleepcap (14 damage)
             ... on level 4 of the Dungeon.
             The game lasted 00:06:03 (2442 turns).

Essalna the Changeling (Merfolk Shapeshifter)       Turns: 2442, Time: 00:06:04

Health: -3/54      AC:  2    Str: 15    XL:     7   Next: 19%
Magic:  7/7        EV:  2    Int:  8    God:    Trog [......]
Gold:   77         SH:  0    Dex: 16    Spells: 6/6 levels left

rFire   + .          .
                       - Unarmed
rCold   + . .        (no shield)
rNeg    . . .        a - +0 animal skin
rPois   .            (helmet currently unavailable)
rElec   .            (cloak currently unavailable)
rCorr   .            (gloves currently unavailable)
SInv    .            (boots currently unavailable)
Will    .....        (no amulet)
Stlth   +            j - ring of protection from cold
HPRegen 0.29/turn    n - ring of protection from fire
MPRegen 0.10/turn

%: no passive effects
@: beast-form, sleeping
A: beast (slay +3), (nimble swimmer 2), mertail
a: Begin Untransformation, Renounce Religion


You were on level 4 of the Dungeon.
You worshipped Trog.
Trog was noncommittal.
You were a hulking beast.
You visited 2 branches of the dungeon, and saw 6 of its levels.

You collected 77 gold pieces.

Inventory:

Armour
 a - a +0 animal skin (worn)
Jewellery
 i - an amulet of faith
 j - a ring of protection from cold (left hand)
 n - a ring of protection from fire (right hand)
 o - a ring of flight
Talismans
 c - a beast talisman
Scrolls
 e - a scroll of fear {unknown}
 f - a scroll of enchant weapon {unknown}
 g - 5 scrolls of identify
 h - a scroll of fog
Potions
 b - a potion of lignification
 d - a potion of curing
 k - a potion of haste {unknown}
 l - a potion of enlightenment {unknown}
 m - a potion of brilliance {unknown}
 p - a potion of mutation {unknown}


   Skills:
 + Level 4.0 Fighting
 + Level 5.4 Dodging
 + Level 5.2 Unarmed Combat
 + Level 5.7 Shapeshifting


You had 6 spell levels left.
You didn't know any spells.
Your spell library was empty.

Dungeon Overview and Level Annotations

Branches:
Dungeon (5/15)             Temple (1/1) D:4

Altars:
Ashenzari
Cheibriados
Dithmenos
Elyvilon
Fedhas
Hepliaklqana
Makhleb
Nemelex Xobeh
Okawaru
Sif Muna
Trog
Uskayaw
Xom
Yredelemnul
Zin
The Shining One


Innate Abilities, Weirdness & Mutations

You are a hulking beast.
Your limbs bulge with bestial killing power. (Slay +3)
((You are very nimble when in or above water. (Stealth+, EV+, Speed+++)))
Your lower body shifts to a powerful aquatic tail in water.


Message History

The sleepcap is lightly damaged.
The sleepcap releases spores at you.
You hit the sleepcap.
The sleepcap is moderately damaged.
The sleepcap closely misses you.
You punch the sleepcap!
The sleepcap is heavily damaged.
The quokka twitches its whiskers.
The sleepcap releases spores at you!
You are engulfed in a cloud of soporific spores!
You fall asleep.
The sleepcap releases spores at you!!
You wake up.
You are engulfed in a cloud of soporific spores!
You are unaffected.
Unknown command.
You barely miss the quokka. The quokka bites you.
You barely miss the quokka.
The sleepcap releases spores at you but does no damage.
The quokka bites you.
You hit the quokka.
You kill the quokka!
Trog accepts your kill. The sleepcap releases spores at you.
* * * LOW HITPOINT WARNING * * *
You are engulfed in a cloud of soporific spores!
You are unaffected.
The sleepcap attacks as you move away! The sleepcap barely misses you.
Unknown command.
The sleepcap attacks as you move away! The sleepcap barely misses you.
You hit the sleepcap.
The sleepcap is heavily damaged.
The sleepcap closely misses you.
You hit the sleepcap.
The sleepcap is severely damaged.
The sleepcap releases spores at you.
* * * LOW HITPOINT WARNING * * *
You are engulfed in a cloud of soporific spores!
You fall asleep.
The sleepcap releases spores at you!
You die...

..#####.# #.#...##........#
......#.# #.#.####..[.†...#
.#.##...# #.#.# #........#
.#.####.# #.#.# #........#
........# #.#.# #........#
##.###..###'#.####........#
##+###'###.......>........#
......# #....###.#########
......# #......hf........
##'###+ +....###.######## +
.' ### #.# # #.# ... # '
##.## # #.# + #.# # ..#


You could see a sleepcap.

Vanquished Creatures
  A black bear (D:4)
  An ogre (D:4)
  A scorpion (D:4)
  A hound (D:5)
  An iguana (D:4)
  Natasha (twice) (D:4)
  8 gnolls (D:4)
  4 adders
  3 dart slugs
  An orc (D:5)
  3 bats (D:2)
  8 endoplasms
  2 giant cockroaches
  3 hobgoblins
  2 jackals (D:2)
  4 kobolds
  2 quokkas
  6 ball pythons
  4 frilled lizards
  2 goblins
  5 rats
64 creatures vanquished.

Notes
Turn   | Place    | Note
-------+----------+-------------------------------------------
     0 | D:1      | Essalna the Merfolk Shapeshifter began the quest for the
                  | Orb.
     0 | D:1      | Reached XP level 1. HP: 15/15 MP: 1/1
   231 | D:1      | Reached XP level 2. HP: 20/21 MP: 2/2
   659 | D:2      | Reached XP level 3. HP: 27/27 MP: 3/3
  1451 | D:3      | Found a faded altar of an unknown god.
  1458 | D:3      | Reached XP level 4. HP: 33/33 MP: 4/4
  1603 | D:3      | You fall into a shaft and drop 2 floors!
  1603 | D:5      | Entered Level 5 of the Dungeon
  1614 | D:4      | Found a staircase to the Ecumenical Temple.
  1624 | Temple   | Entered the Ecumenical Temple
  1633 | Temple   | Became a worshipper of Trog the Wrathful
  1669 | D:4      | Noticed Natasha
  1679 | D:4      | Killed Natasha
  1759 | D:4      | Noticed an ogre
  1762 | D:4      | Killed an ogre
  1763 | D:4      | Reached skill level 5 in Shapeshifting
  1763 | D:4      | Reached XP level 5. HP: 40/40 MP: 5/5
  1764 | D:4      | Noticed Natasha
  1772 | D:4      | Killed Natasha
  1954 | D:4      | Reached XP level 6. HP: 47/47 MP: 6/6
  2023 | D:4      | Noticed a black bear
  2133 | D:5      | Noticed a black bear
  2145 | D:4      | Killed a black bear
  2146 | D:4      | Reached skill level 5 in Dodging
  2146 | D:4      | Reached skill level 5 in Unarmed Combat
  2203 | D:3      | Found a glowing silver altar of Zin.
  2206 | D:3      | Found a faded altar of an unknown god.
  2303 | D:4      | Reached XP level 7. HP: 48/53 MP: 7/7
  2442 | D:4      | Slain by a sleepcap

Illustrated notes

Levels and vault maps discovered:
D:1:      minmay_arrival_widening_spiral_wide, layout_basic
D:2:      layout_basic, mrwooster_statue_mirror
D:3:      cheibrodos_pilgrimage, layout_basic,
          nicolae_overflow_ecumenical_swirl, gammafunk_ghost_abyssal_escape,
          shapermc_ecumenical_altar_starsandcircs, kennysheep_generic_room_5,
          uniq_grinder
D:4:      layout_basic, mainiacjoe_overflow_24_doors,
          minmay_temple_entry_nine_rooms, pf_guarded_unrand_woodcutter,
          uniq_natasha
D:5:      layout_basic, minmay_joined_circles, uniq_pikel
Temple:   regret_index_temple_waves

Skill      XL: |  1  2  3  4  5  6  7 |
---------------+----------------------+-----
Dodging        | 3 4 5 |  5.4
Fighting       | 2 3 4 |  4.0
Unarmed Combat | 4 5 |  5.2
Shapeshifting  | 5 |  5.7

Action                     |  1- 3 |  4- 6 |  7- 9 || total
---------------------------+-------+-------+-------++-------
  Melee: Unarmed           |    92 |    67 |    17 ||   176
         Punch             |     3 |     2 |     1 ||     6
  Evoke: Wand              |       |     6 |       ||     6
    Use: Scroll            |     4 |       |       ||     4
         Potion            |       |     1 |       ||     1
   Stab: Sleeping          |       |     2 |       ||     2
         Distracted        |       |     1 |       ||     1
 Armour: Animal skin       |    12 |     6 |     1 ||    19
         Skin              |       |     6 |       ||     6
  Dodge: Dodged            |    51 |    30 |     9 ||    90

Table legend: (Time is in decaauts)
 A = Elapsed time spent in this place.
 B = Non-inter-level travel time spent in this place.
 C = Inter-level travel time spent in this place.
 D = Time resting spent in this place.
 E = Time spent auto-exploring this place.
 F = Levels seen in this place.
 G = Mean time per level.
                   A        B        C        D        E       F      G
               +--------+--------+--------+--------+--------+-----+--------+
         Total |   2433 |   2354 |     79 |     55 |   1798 |   6 |  405.5 |
       Dungeon |   2416 |   2343 |     73 |     55 |   1798 |   5 |  483.2 |
        Temple |     16 |     10 |      6 |      0 |      0 |   1 |   16.0 |
               +--------+--------+--------+--------+--------+-----+--------+

Top non-repeatable levels by time:
     D:2: 814 daAuts
     D:4: 710 daAuts
     D:1: 617 daAuts
     D:3: 173 daAuts
     D:5: 101 daAuts
  Temple: 16 daAuts
